 Dungeon Crawl Stone Soup version 0.31.0-11-ge490571c62 (webtiles) character file.

Game seed: 7708180197885692844

83 protoss039 the Digger (level 4, 3/3 HPs)
             Began as a Demonspawn Earth Elementalist on Jan 31, 2024.
             Got out of the dungeon alive.
             The game lasted 00:04:05 (2215 turns).

protoss039 the Digger (DsEE)                        Turns: 2215, Time: 00:04:06

Health: 3/3        AC:  0    Str:  8    XL:     4   Next: 22%
Magic:  7/7        EV: 12    Int: 17    God:
Gold:   89         SH:  0    Dex: 14    Spells: 1/8 levels left

rFire   . . .        n - melded +2 dagger (venom)
rCold   . . .        (shield currently unavailable)
rNeg    . . .        a - melded +0 robe
rPois   ∞            q - melded +2 hat
rElec   +            (cloak currently unavailable)
rCorr   .            (gloves currently unavailable)
SInv    .            m - melded +0 pair of boots
Will    .....        (no amulet)
Stlth   ++           (no ring)
HPRegen 0.20/turn    (no ring)
MPRegen 0.10/turn

%: no passive effects
@: storm-form, flying
A: cleaving, insubstantial, flying, reduced hp, (claws 1), (hooves 1)
a: Blinkbolt, Begin Untransformation


You escaped.
You were a lightning-filled tempest!
You visited 1 branch of the dungeon, and saw 3 of its levels.

You collected 89 gold pieces.

Inventory:

Hand Weapons
 n - a +2 dagger of venom (melded)
 r - a +0 dagger of protection
Missiles
 j - 11 poisoned darts
Armour
 a - a +0 robe (melded)
 l - a +0 helmet
 m - a +0 pair of boots (melded)
 q - a +2 hat (melded)
Talismans
 e - a flux talisman
 u - a storm talisman (active)
Scrolls
 c - a scroll of noise {unknown}
 d - a scroll of fear {unknown}
 f - a scroll of revelation {unknown}
 k - a scroll of fog {unknown}
 o - 2 scrolls of identify {unknown}
 p - a scroll of enchant armour {unknown}
 s - a scroll of vulnerability {unknown}
 t - a scroll of immolation {unknown}
Potions
 b - a potion of magic
 g - 2 potions of curing {unknown}
 h - a potion of haste {unknown}
 i - a potion of attraction {unknown}


   Skills:
 + Level 1.8 Fighting
 * Level 1.0 Short Blades
 + Level 1.9 Dodging
 + Level 2.0 Stealth
 + Level 2.6 Spellcasting
 + Level 1.1 Conjurations
 + Level 3.2 Earth Magic


You had one spell level left.
You knew the following spells:

 Your Spells              Type           Power      Damage    Failure   Level
a - Sandblast             Erth           26%        2d8       4%          1
b - Passwall              Erth           13%        N/A       14%         3
c - Stone Arrow           Conj/Erth      18%        3d8       22%         3

Your spell library contained the following spells:

 Spells                   Type           Power      Damage    Failure   Level
 Apportation              Tloc           4%         N/A       19%         1
 Jinxbite                 Hex            4%         N/A       28%         2
 Brom's Barrelling Bould  Conj/Erth      9%         2d3       58%         4
 Petrify                  Alch/Erth      7%         N/A       67%         4
 Alistair's Intoxication  Alch           1%         N/A       99%         5


Dungeon Overview and Level Annotations

Branches:
Dungeon (3/15) Zot: 15765

Altars:
Cheibriados
Wu Jian


Innate Abilities, Weirdness & Mutations

You are a lightning-filled tempest!
Your electrical attacks strike out in all directions at once.
You are incredibly evasive.
Your insubstantial body is immune to petrification, constriction, and being set on fire You are flying.
Your maximum health is decreased, since you lack skill for your form.
Your armour is entirely melded.
You are incapable of wielding weapons or throwing items.
You are immune to poison.
((You have sharp fingernails.))
((You have large cloven feet.))


Message History

The bombardier beetle is moderately wounded.
The bombardier beetle closely misses you.
You hit the bombardier beetle.
The bombardier beetle looks as sick as possible!
The bombardier beetle is heavily wounded.
You kill the bombardier beetle!
Your Short Blades skill increases to level 1!
Your Stealth skill increases to level 2!
You have reached level 4!
You feel agile.
Your demonic ancestry asserts itself...
Your fingernails lengthen.
Unknown command.
There is a snail-covered altar of Cheibriados here.
There is an open gate here.
You see here a storm talisman.
Press: ? - help, v - describe, . - travel, g - get item Item here: a storm talisman.
The floor.
u - a storm talisman
Okay, then.
Unknown command.
You begin transforming.
You continue transforming. x3
You turn into a lightning-filled tempest!
Your +2 dagger of venom melds into your body.
Your +2 hat melds into your body.
Your +0 pair of boots melds into your body.
Your +0 robe melds into your body.
Your +2 dagger of venom stops dripping with poison.
HP restored.
Unknown command.
There is a stone staircase leading up here.
You fly upwards.
There is a stone staircase leading down here.
There is a stone staircase leading up here.
You fly upwards.
There is a stone staircase leading down here.
You reach down and open the door.
There is an open door here.
There is a staircase leading out of the dungeon here.
You have escaped!

#.## #...# #.##.# ..#####...###
#.##.#
#....|......###########.##.#
..........#................######
#.####.##........................
#.####.#####.##########.#########
.......# #.#.....# #.# .......#
#.#.....####.#
######.#####.'..v..'..#.# #
#.......#.....##...# #
####.####.....####.# ##### #.#
####### #.# ....## #.# #.#
##...## #.# #.# #.....###.# #.#
.......##.# #.# ..........# #.#


There were no monsters in sight!

Vanquished Creatures
  A bombardier beetle (D:3)
  2 dart slugs
  4 orcs
  7 ball pythons
  2 bats
  5 endoplasms
  3 giant cockroaches
  3 goblins
  A hobgoblin (D:1)
  3 quokkas
  3 frilled lizards
  5 kobolds
  4 rats
43 creatures vanquished.

Notes
Turn   | Place    | Note
-------+----------+-------------------------------------------
     0 | D:1      | protoss039 the Demonspawn Earth Elementalist began the
                  | quest for the Orb.
     0 | D:1      | Reached XP level 1. HP: 13/13 MP: 3/3
   263 | D:1      | Discovered your monstrous ancestry.
   263 | D:1      | Gained mutation: You have large cloven feet. [demonic
                  | ancestry]
   263 | D:1      | Reached XP level 2. HP: 19/20 MP: 1/5
   363 | D:1      | Reached skill level 1 in Fighting
   437 | D:1      | Reached skill level 3 in Earth Magic
   662 | D:1      | You fall into a shaft and drop 1 floor!
  1096 | D:2      | Reached XP level 3. HP: 26/26 MP: 4/6
  1195 | D:2      | Learned a level 3 spell: Passwall
  1278 | D:2      | Found an ornate altar of the Wu Jian Council.
  1345 | D:2      | Found a faded altar of an unknown god.
  1783 | D:2      | Learned a level 3 spell: Stone Arrow
  2107 | D:3      | Found a snail-covered altar of Cheibriados.
  2115 | D:3      | Reached skill level 1 in Short Blades
  2115 | D:3      | Gained mutation: You have sharp fingernails. [demonic
                  | ancestry]
  2115 | D:3      | Reached XP level 4. HP: 33/33 MP: 7/7
  2215 | D:$      | Got out of the dungeon alive.

Illustrated notes

Levels and vault maps discovered:
D:1:      minmay_arrival_checkered_box, layout_loops_ring, minmay_crystal_water
D:2:      layout_loops_ring, basic_altar, nicolae_ecumenical_snake_handling,
          grunt_decor_resistance, moated_statue
D:3:      layout_loops_ring, lemuel_round_altar, slow_altar_2

Skill      XL: |  1  2  3 |
---------------+----------+-----
Fighting       | 1 |  1.8
Earth Magic    | 3 |  3.2
Short Blades   | 1 |  1.0
Stealth        | 2 |  2.0
Dodging        | |  1.9
Spellcasting   | |  2.6
Conjurations   | |  1.1

Action                     |  1- 3 |  4- 6 || total
---------------------------+-------+-------++-------
  Melee: Dagger            |    52 |       ||    52
         Kick              |     3 |       ||     3
   Cast: Sandblast         |    33 |       ||    33
   Stab: Sleeping          |     3 |       ||     3
 Armour: Robe              |    26 |       ||    26
  Dodge: Dodged            |    37 |       ||    37
   Form: Storm             |       |     1 ||     1
